 Dungeon Crawl Stone Soup version 0.29-a0-43-g62a80824bf (webtiles) character file.

Game seed: 11648657937681858744

1847 Crownlay the Digger (level 9, 0/60 HPs)
             Began as an Octopode Earth Elementalist on Feb 2, 2022.
             Was a Follower of Vehumet.
             Succumbed to a hornet's poison
             ... on level 6 of the Dungeon.
             The game lasted 00:13:32 (9169 turns).

Crownlay the Digger (Octopode Earth Elementalist)   Turns: 9169, Time: 00:13:33

Health: 0/60       AC:  1    Str:  7    XL:     9   Next: 12%
Magic:  7/25       EV: 13    Int: 21    God:    Vehumet [*.....]
Gold:   272        SH:  0    Dex: 13    Spells: 12/18 levels left

rFire   + . .      SeeInvis .   u - +3 short sword
rCold   x . .      Faith    .   (no shield)
rNeg    . . .      Spirit   .   (helmet restricted)
rPois   .          Reflect  .   (no amulet)
rElec   .          Harm     .   i - ring of fire
rCorr   .          Rampage  .   v - ring of magical power
Will    .....                   (no ring)
Stlth   +++++.....              (no ring)
HPRegen 0.20/turn               (no ring)
MPRegen 0.19/turn               (no ring)
                                (no ring)
                                (no ring)

@: lethally poisoned (0 -> -27), slowed, very slow
A: almost no armour, amphibious, 8 rings, camouflage 1, gelatinous body 1,
(nimble swimmer 1), tentacles
a: Renounce Religion


You were on level 6 of the Dungeon.
You worshipped Vehumet.
Vehumet was aware of your devotion.
You visited 2 branches of the dungeon, and saw 7 of its levels.
You also visited: Sewer.

You collected 272 gold pieces.

Inventory:

Hand Weapons
 u - a +3 short sword (weapon)
Missiles
 b - 153 stones
 p - 16 poisoned darts
Jewellery
 i - a ring of fire (left tentacle)
 v - a ring of magical power (right tentacle)
Wands
 a - a wand of charming (8)
 j - a wand of iceblast (10)
Scrolls
 c - 4 scrolls of teleportation
 e - 5 scrolls of immolation
 f - 2 scrolls of noise
 g - a scroll of identify
 m - a scroll of silence
 q - a scroll of enchant weapon {unknown}
 s - 2 scrolls of fear
 y - a scroll of magic mapping {unknown}
Potions
 d - 2 potions of lignification {unknown}
 h - 3 potions of brilliance
 k - a potion of flight {unknown}
 l - 4 potions of haste
 n - 2 potions of invisibility
 o - 5 potions of curing
 r - a potion of mutation {unknown}
 t - a potion of attraction {unknown}
 w - a potion of heal wounds {unknown}
 x - a potion of berserk rage {unknown}
 z - a potion of might {unknown}
 A - 3 potions of degeneration {unknown}


   Skills:
 + Level 4.8 Fighting
 - Level 2.0 Dodging
 + Level 7.5 Stealth
 + Level 5.0 Spellcasting
 + Level 2.3 Transmutations
 * Level 7.8 Earth Magic


You had 12 spell levels left.
You knew the following spells:

 Your Spells              Type           Power      Damage    Failure   Level
a - Sandblast             Erth           76%        2d16      1%          1
b - Passwall              Tmut/Erth      21%        N/A       1%          2
c - Stone Arrow           Conj/Erth      42%        3d9       6%          3

Your spell library contained the following spells:

 Spells                   Type           Power      Damage    Failure   Level
 Foxfire                  Conj/Fire      28%        2x1d5     11%         1
 Petrify                  Tmut/Erth      26%        N/A       13%         4
 Corpse Rot               Necr/Air       10%        N/A       16%         2
 Ensorcelled Hibernation  Hex/Ice        10%        N/A       16%         2
 Spider Form              Tmut/Pois      10%        N/A       21%         3
 Leda's Liquefaction      Hex/Erth       10%        N/A       22%         4
 Call Canine Familiar     Summ           5%         N/A       32%         3
 Gell's Gravitas          Tloc           5%         N/A       32%         3
 Lesser Beckoning         Tloc           5%         N/A       32%         3
 Portal Projectile        Hex/Tloc       10%        N/A       32%         3
 Teleport Other           Tloc           5%         N/A       32%         3
 Anguish                  Hex/Necr       2%         N/A       71%         4
 Cause Fear               Hex            2%         N/A       71%         4
 Dispel Undead            Necr           5%         3d7       71%         4
 Death Channel            Necr           2%         N/A       100%        6
 Dragon Form              Tmut           7%         N/A       100%        7
 Dragon's Call            Summ           2%         N/A       100%        9


Dungeon Overview and Level Annotations

Branches:
Dungeon (6/15)             Temple (1/1) D:4           Sewer (visited)

Altars:
Ashenzari
Cheibriados
Dithmenos
Elyvilon
Fedhas
Gozag
Kikubaaqudgha
Makhleb
Nemelex Xobeh
Okawaru
Ru
Sif Muna
Trog
Vehumet
Yredelemnul
Zin

Shops:
D:3 !   D:5 *


Innate Abilities, Weirdness & Mutations

You cannot wear most types of armour.
You are amphibious.
You can wear up to eight rings at the same time.
Your skin changes colour to match your surroundings (Stealth+).
Your rubbery body absorbs attacks. (AC +1, EV +1)
((You are camouflaged when in or above water. (Stealth+)))
You have tentacles for arms and can constrict up to eight enemies at once.


Message History

The stone arrow misses the hornet.
The hornet stings you!
You suddenly lose the ability to move!
The hornet stings you but does no damage.
The hornet stings you!
You feel yourself slow down.
You can move again.
The stone arrow hits the hornet!
The hornet is severely wounded.
The hornet stings you!
You shrug off the repeated paralysis!
The hornet closely misses you.
You are too injured to fight recklessly!
Casting: Stone Arrow (dangerous; 6% risk of failure)
Confirm with . or Enter, or press ? or * to list all spells.
Aiming: Passwall (safe; 1% risk of failure)
Press: ? - help, Dir - move target, f - you, p - hornet Please select a wall.
Okay, then.
Casting: Passwall (safe; 1% risk of failure)
Confirm with . or Enter, or press ? or * to list all spells.
Aiming: Stone Arrow (dangerous; 6% risk of failure)
Press: ? - help, Shift-Dir - straight line, f/p - hornet
Aim: a hornet (severely wounded, 57% to hit)
The stone arrow misses the hornet.
You feel yourself speed up. The hornet stings you!
* * * LOW HITPOINT WARNING * * *
You are lethally poisoned!
You feel yourself slow down. The hornet barely misses you.
The hornet stings you.
* * * LOW HITPOINT WARNING * * *
You are more poisoned.
You feel as though you will be slow longer.
Casting: Stone Arrow (dangerous; 6% risk of failure)
Confirm with . or Enter, or press ? or * to list all spells.
Aiming: Sandblast (safe; 1% risk of failure)
Press: ? - help, Shift-Dir - straight line, f/p - hornet
Aim: a hornet (severely wounded, 73% to hit)
The blast of sand hits the hornet.
The hornet is almost dead.
b - 153 stones You die...

#...# #...# # #...# ## ###
#...# ##### #. #...
#...###...## ###. .....
#...##.....####...
......#...#.......##....
.$..†.y@..'.......#.....
......#...#.......#.....
.....##...##.....##.....
#...##.....##...##......
##########...##.######.......
##.......#....##....#...#....#
##.......##....####.........#.#
#.........#.....# ###.......#.#
#.........#.....########......#


You could see a hornet.

Vanquished Creatures
  Duvessa (D:4)
  2 sky beasts
  2 black bears
  2 necrophages (D:6)
  A centaur (D:6)
  A phantom (D:6)
  3 kobold brigands (Sewer)
  A bullfrog (D:6)
  A wyvern zombie (D:5)
  A scorpion (D:6)
  A water moccasin zombie (D:3)
  Dowan (D:4)
  A howler monkey (D:6)
  An orc priest (D:6)
  3 hounds
  2 jellies (D:4)
  3 iguanas
  14 adders
  2 river rats (Sewer)
  2 ufetubi
  8 worms
  6 dart slugs
  3 orcs
  7 endoplasms
  4 giant cockroaches
  A goblin (D:3)
  5 hobgoblins
  4 jackals (D:3)
  6 quokkas
  14 ball pythons
  6 bats
  3 frilled lizards
  21 kobolds
  6 rats
139 creatures vanquished.

Notes
Turn   | Place    | Note
-------+----------+-------------------------------------------
     0 | D:1      | Crownlay the Octopode Earth Elementalist began the quest
                  | for the Orb.
     0 | D:1      | Reached XP level 1. HP: 11/11 MP: 3/3
   268 | D:1      | Reached XP level 2. HP: 16/18 MP: 5/5
   465 | D:1      | Found a faded altar of an unknown god.
   757 | D:1      | Reached skill level 1 in Fighting
   896 | D:1      | Reached XP level 3. HP: 20/23 MP: 6/6
   899 | D:1      | Learned a level 2 spell: Passwall
   903 | D:1      | Learned a level 3 spell: Stone Arrow
  2038 | D:2      | Reached XP level 4. HP: 22/28 MP: 7/7
  2161 | D:2      | Found a basalt altar of Yredelemnul.
  2311 | D:3      | Found a glowing drain.
  2471 | Sewer    | Entered a sewer
  2847 | Sewer    | Noticed a kobold brigand
  2847 | Sewer    | Noticed a kobold brigand
  2860 | Sewer    | Killed a kobold brigand
  2861 | Sewer    | Reached XP level 5. HP: 24/34 MP: 1/9
  2947 | Sewer    | Killed a kobold brigand
  2948 | Sewer    | Reached XP level 6. HP: 21/40 MP: 6/10
  3401 | Sewer    | Reached skill level 5 in Earth Magic
  4387 | D:3      | Reached skill level 5 in Stealth
  4387 | D:3      | Reached XP level 7. HP: 18/45 MP: 10/12
  4967 | D:3      | Found Ijoprahe's Distillery.
  5054 | D:4      | Found a staircase to the Ecumenical Temple.
  5085 | Temple   | Entered the Ecumenical Temple
  5182 | Temple   | Became a worshipper of Vehumet
  5509 | D:4      | Noticed Duvessa
  5758 | D:4      | Noticed Dowan
  6417 | D:4      | Killed Duvessa
  6420 | D:4      | Killed Dowan
  6421 | D:4      | Reached XP level 8. HP: 27/54 MP: 4/14
  7053 | D:5      | Entered Level 5 of the Dungeon
  7807 | D:5      | Found Ciyx's General Store.
  8636 | D:6      | Found a shadowy altar of Dithmenos.
  8883 | D:6      | Reached XP level 9. HP: 59/59 MP: 10/16
  8905 | D:6      | Reached * piety under Vehumet
  8905 | D:6      | Offered knowledge of Foxfire by Vehumet.
  9161 | D:6      | Noticed a hornet
  9163 | D:6      | Reached skill level 5 in Spellcasting
  9165 | D:6      | Paralysed by a hornet for 2 turns
  9169 | D:6      | Succumbed to a hornet's poison

Illustrated notes

Levels and vault maps discovered:
D:1:      heliophobic_arrival_henge, layout_loops_corners,
          nicolae_ecumenical_snake_handling, minmay_misc_feat_tower
D:2:      layout_rooms, basic_altar, dk_noncrumbling_3, minivault_4,
          minmay_pentomino_u2
D:3:      layout_rooms, serial_shops, shop_fountains, portal_sewer_entry_f,
          minmay_puff
D:4:      minmay_chambers_of_fours, layout_layer_cave, minmay_temple_entry_tees,
          minmay_misc_feat_doors, uniq_duvessa
D:5:      layout_basic, serial_shops, nicolae_stop_n_shop_1
D:6:      kennysheep_six_static_rooms, layout_rooms,
          nicolae_dithmenos_through_a_glass_darkly, kennysheep_nondescript
Temple:   grunt_wide_crystal_templ

Skill      XL: |  1  2  3  4  5  6  7  8  9 |
---------------+----------------------------+-----
Fighting       | 1 2 3 4 |  4.8
Stealth        | 3 4 5 6 7 |  7.5
Earth Magic    | 4 5 6 7 |  7.8
Spellcasting   | 3 4 5 |  5.0
Transmutations | 2 |  2.3
Dodging        | |  2.0

Action                   |  1- 3 |  4- 6 |  7- 9 || total
-------------------------+-------+-------+-------++-------
Melee: Hand axe          |    18 |       |       ||    18
       Constrict         |    17 |    16 |    12 ||    45
       Dagger            |    49 |    53 |       ||   102
       Tentacles         |    17 |    16 |    14 ||    47
       Punch             |     3 |       |       ||     3
       Short sword       |       |    33 |    47 ||    80
Throw: Dart              |       |    32 |       ||    32
       Stone             |       |     1 |       ||     1
 Cast: Sandblast         |    11 |    38 |    25 ||    74
       Stone Arrow       |       |     3 |    63 ||    66
  Use: Scroll            |     2 |     1 |     6 ||     9
 Stab: Sleeping          |    11 |     5 |     9 ||    25
Armor: Skin              |     6 |     3 |     6 ||    15
Dodge: Dodged            |    35 |    53 |    50 ||   138

Table legend: (Time is in decaauts)
 A = Elapsed time spent in this place.
 B = Non-inter-level travel time spent in this place.
 C = Inter-level travel time spent in this place.
 D = Time resting spent in this place.
 E = Time spent auto-exploring this place.
 F = Levels seen in this place.
 G = Mean time per level.
                   A        B        C        D        E       F      G
               +--------+--------+--------+--------+--------+-----+--------+
         Total |   9180 |   9071 |    109 |     75 |   7854 |   8 | 1147.5 |
       Dungeon |   7520 |   7419 |    101 |      0 |   6519 |   6 | 1253.3 |
        Temple |    105 |     97 |      8 |      0 |     77 |   1 |  105.0 |
         Sewer |   1554 |   1554 |      0 |     75 |   1258 |   1 | 1554.0 |
               +--------+--------+--------+--------+--------+-----+--------+

Top non-repeatable levels by time:
     D:4: 1909 daAuts
   Sewer: 1554 daAuts
     D:5: 1395 daAuts
     D:1: 1322 daAuts
     D:3: 1214 daAuts
     D:2: 957 daAuts
     D:6: 720 daAuts
  Temple: 105 daAuts
